 Dungeon Crawl Stone Soup version 0.29.1-13-g9f3cf754e1 (webtiles) character file.

Game seed: 11880421935163377158

5 H0rd4k the Charlatan (level 1, -1/13 HPs)
             Began as an Octopode Artificer on Jan 19, 2023.
             Slain by a kobold
             ... wielding a +0 short sword
              (2 damage)
             ... on level 1 of the Dungeon.
             The game lasted 00:00:24 (265 turns).

H0rd4k the Charlatan (Octopode Artificer)            Turns: 265, Time: 00:00:25

Health: -1/13      AC:  1    Str: 11    XL:     1   Next: 80%
Magic:  2/2        EV: 13    Int: 13    God:
Gold:   30         SH:  0    Dex: 12    Spells: 1/1 levels left

rFire   . . .      SeeInvis .   (no weapon)
rCold   . . .      Faith    .   (no shield)
rNeg    . . .      Spirit   .   (helmet restricted)
rPois   .          Reflect  .   (no amulet)
rElec   .          Harm     .   (no ring)
rCorr   .          Rampage  .   (no ring)
Will    .....                   (no ring)
Stlth   +++.......              (no ring)
HPRegen 0.04/turn               (no ring)
MPRegen 0.08/turn               (no ring)
                                (no ring)
                                (no ring)

@: no status effects
A: almost no armour, amphibious, 8 rings, camouflage 1, gelatinous body 1,
(nimble swimmer 1), tentacles
a: no special abilities


You were on level 1 of the Dungeon.
You visited 1 branch of the dungeon, and saw 1 of its levels.

You collected 30 gold pieces.

Inventory:

Jewellery
 f - a ring of protection from cold
Wands
 b - a wand of flame (15) (quivered)
 c - a wand of charming (15)
 d - a wand of iceblast (5)
Scrolls
 g - 2 scrolls of teleportation {unknown}
Potions
 a - a potion of resistance {unknown}
 e - a potion of heal wounds {unknown}
 h - a potion of might {unknown}
 i - a potion of invisibility {unknown}


   Skills:
 * Level 1.2 Fighting
 - Level 2.3 Dodging
 - Level 1.3 Stealth
 * Level 0.8 Spellcasting
 - Level 3.2 Evocations


You had one spell level left.
You didn't know any spells.
Your spell library was empty.

Dungeon Overview and Level Annotations

Branches:
Dungeon (1/15)

Altars:


Innate Abilities, Weirdness & Mutations

You cannot wear most types of armour.
You are amphibious.
You can wear up to eight rings at the same time.
Your skin changes colour to match your surroundings (Stealth+).
Your rubbery body absorbs attacks. (AC +1, EV +1)
((You are camouflaged when in or above water. (Stealth+)))
You have tentacles for arms and can constrict up to eight enemies at once.


Message History

You now have 30 gold pieces (gained 8).
A kobold comes into view. It is wielding a +0 short sword.
A kobold is nearby!
A kobold is nearby!
A frilled lizard comes into view.
Found a scroll labelled HOHOAD IKKIM.
Found 4 javelins.
The kobold shouts!
The frilled lizard hisses angrily.
The kobold barely misses you.
You barely miss the kobold. Your grab misses the kobold.
The kobold closely misses you.
You tentacle-slap the frilled lizard but do no damage.
Your grab misses the frilled lizard. Your squeeze misses the frilled lizard.
The kobold hits you with a +0 short sword.
The frilled lizard completely misses you.
There are monsters nearby!
There are monsters nearby!
You closely miss the frilled lizard. Your grab misses the frilled lizard.
The kobold hits you with a +0 short sword.
The frilled lizard bites you.
You closely miss the frilled lizard. You grab the frilled lizard.
You constrict the frilled lizard. The kobold barely misses you.
The frilled lizard closely misses you.
You tentacle-slap the frilled lizard.
You kill the frilled lizard!
The kobold closely misses you.
The kobold hits you with a +0 short sword.
You closely miss the kobold. Your grab misses the kobold.
The kobold closely misses you.
You closely miss the kobold. You grab the kobold. You constrict the kobold.
The kobold hits you with a +0 short sword.
* * * LOW HITPOINT WARNING * * *
You tentacle-slap the kobold but do no damage.
The kobold is moderately wounded.
You constrict the kobold. The kobold barely misses you.
You tentacle-slap the kobold but do no damage.
The kobold is severely wounded.
You constrict the kobold, but do no damage.
The kobold hits you with a +0 short sword.
You die...

###########
####..>......#
...#.........# #######
.....).......# ##.......
.............###........
.............##.........
.............##.........
................@?......
.............##.K.......
...........=.$..........
.....###.###...#......(.
.....# #.# #.#..........
.....# #. #.###.##.....
.....# #.# #.# #...#
.....# .. ..# ...#
....##


You could see a kobold.

Vanquished Creatures
  A goblin (D:1)
  A quokka (D:1)
  A bat (D:1)
  A frilled lizard (D:1)
  2 kobolds (D:1)
6 creatures vanquished.

Notes
Turn   | Place    | Note
-------+----------+-------------------------------------------
     0 | D:1      | H0rd4k the Octopode Artificer began the quest for the Orb.
     0 | D:1      | Reached XP level 1. HP: 13/13 MP: 1/1
   265 | D:1      | Slain by a kobold

Illustrated notes

Levels and vault maps discovered:
D:1:      minmay_arrival_pointy, layout_rooms

Action                   || total
-------------------------++-------
Melee: Unarmed           ||    16
       Constrict         ||     5
       Tentacles         ||     1
 Stab: Sleeping          ||     1
Dodge: Dodged            ||    12
